 Dungeon Crawl Stone Soup version 0.32-a0-933-ga8fa3634e4 (webtiles) character file.

Game seed: 6362387098528718772

83 crux the Changeling (level 4, -4/28 HPs)
             Began as an Octopode Shapeshifter on Apr 15, 2024.
             Slain by a gnoll sergeant
             ... wielding a +0 hand axe
              (12 damage)
             ... on level 2 of the Dungeon.
             The game lasted 00:05:54 (1899 turns).

crux the Changeling (Octopode Shapeshifter)         Turns: 1899, Time: 00:05:55

Health: -4/28      AC:  1    Str: 13    XL:     4   Next: 44%
Magic:  4/4        EV: 12    Int: 14    God:
Gold:   112        SH:  0    Dex: 11    Spells: 3/3 levels left

rFire   . .          .
                       - Unarmed
rCold   + . .        (no shield)
rNeg    . . .        (helmet currently unavailable)
rPois   .            (no amulet)
rElec   .            m - ring of protection from cold
rCorr   .            p - +4 ring of slaying
SInv    .            (no ring)
Will    .....        (no ring)
Stlth   +++          (no ring)
HPRegen 0.24/turn    (no ring)
MPRegen 0.09/turn    (no ring)
                     (no ring)

%: no passive effects
@: beast-form
A: beast (slay +2), almost no armour, amphibious, 8 rings, camouflage 1,
gelatinous body 1, (nimble swimmer 1), tentacles
a: Begin Untransformation


You were on level 2 of the Dungeon.
You were a hulking beast.
You visited 1 branch of the dungeon, and saw 2 of its levels.

You collected 112 gold pieces.

Inventory:

Armour
 q - a +0 kite shield
Jewellery
 h - a ring of flight
 m - a ring of protection from cold (left tentacle)
 p - a +4 ring of slaying (right tentacle)
Talismans
 b - a beast talisman (active)
 c - a flux talisman
Scrolls
 d - a scroll of fog {unknown}
 e - a scroll of teleportation {unknown}
 j - 2 scrolls of noise {unknown}
 l - a scroll of acquirement {unknown}
 n - a scroll of revelation {unknown}
 o - a scroll of enchant weapon {unknown}
Potions
 a - a potion of lignification
 f - a potion of might {unknown}
 g - a potion of enlightenment {unknown}
 i - a potion of ambrosia {unknown}
 k - a potion of haste {unknown}


   Skills:
 + Level 1.1 Fighting
 + Level 2.1 Dodging
 + Level 3.0 Stealth
 + Level 3.5 Unarmed Combat
 + Level 3.8 Shapeshifting


You had 3 spell levels left.
You didn't know any spells.
Your spell library contained the following spells:

 Spells                   Type           Power      Damage    Failure   Level
 Stone Arrow              Conj/Erth      0%         3d7       65%         3
 Lehudib's Crystal Spear  Conj/Erth      0%         10d2      100%        8
 Animate Armour           Summ/Erth      Unusable   N/A       N/A         4

Dungeon Overview and Level Annotations

Branches:
Dungeon (2/15)

Altars:


Innate Abilities, Weirdness & Mutations

You are a hulking beast.
Your limbs bulge with bestial killing power. (Slay +2)
You cannot wear most types of armour.
You are amphibious.
You can wear up to eight rings at the same time.
Your skin changes colour to match your surroundings (Stealth+).
Your rubbery body absorbs attacks. (AC +1, EV +1)
((You are camouflaged when in or above water. (Stealth+)))
You have tentacles for arms and can constrict up to eight enemies at once.


Message History

You now have 106 gold pieces (gained 17).
j - 2 scrolls labelled IRAKLO REXUTA (gained 1)
You now have 112 gold pieces (gained 6).
There is a stone staircase leading down here.
You see here a ball python skeleton.
A gnoll sergeant is nearby!
What are your orders? t - Shout!
Orders for allies: a - Attack new target. r - Retreat! s - Stop attacking. g - Guard the area. f - Follow me.
Anything else - Cancel.
You shout for attention!
You start waiting.
A gnoll sergeant is nearby!
Press: ? - help, v - describe, . - travel
Here: a gnoll sergeant, wielding a +0 hand axe and wearing a +0 scale mail The floor.
Unknown command.
You tentacle-slap the gnoll sergeant but do no damage.
You grab the gnoll sergeant. You squeeze the gnoll sergeant.
The gnoll sergeant is moderately wounded.
You constrict the gnoll sergeant, but do no damage.
The gnoll sergeant hits you with a +0 hand axe!
Ouch! That really hurt!
You tentacle-slap the gnoll sergeant but do no damage.
You squeeze the gnoll sergeant, but do no damage.
The gnoll sergeant is moderately wounded.
You constrict the gnoll sergeant, but do no damage.
The gnoll sergeant hits you with a +0 hand axe!
* * * LOW HITPOINT WARNING * * *
You tentacle-slap the gnoll sergeant but do no damage.
You squeeze the gnoll sergeant.
The gnoll sergeant is heavily wounded.
You constrict the gnoll sergeant.
You tentacle-slap the gnoll sergeant but do no damage.
The gnoll sergeant is heavily wounded.
You constrict the gnoll sergeant, but do no damage.
The gnoll sergeant hits you with a +0 hand axe!
You die...

...# ♣.♣ #.##.#
#..##♣.♣ #÷##.#
##..##.# #.##.####
#...).# #.##....#
#..#### #.#####.#
#..# #.# #.# ###
#..## #.# #># ##.##
#...# #.#
#.####.#.## #...#
#h# #.....###.#
##..# #g#
######.#.## #..#
#.## ##.## #..# #..#
#.#### #..#
##########.## #.....
#.g###..g........#
######
#.g<.....#####...###
###.####...#
#.......# ....#
#..## #.......#
#####


You could see a gnoll sergeant.

Vanquished Creatures
  A gnoll (D:2)
  An adder (D:2)
  2 dart slugs (D:1)
  A ribbon worm (D:2)
  4 bats
  7 endoplasms
  A giant cockroach (D:1)
  3 goblins
  7 hobgoblins
  4 jackals
  5 quokkas
  3 ball pythons (D:2)
  3 frilled lizards (D:2)
  6 kobolds
  3 rats
51 creatures vanquished.

Notes
Turn   | Place    | Note
-------+----------+-------------------------------------------
     0 | D:1      | crux the Octopode Shapeshifter began the quest for the Orb.
     0 | D:1      | Reached XP level 1. HP: 13/13 MP: 1/1
   100 | D:1      | Reached XP level 2. HP: 11/18 MP: 2/2
   442 | D:1      | Reached skill level 1 in Stealth
   442 | D:1      | Reached XP level 3. HP: 19/23 MP: 3/3
   564 | D:1      | Found a faded altar of an unknown god.
  1247 | D:2      | Reached XP level 4. HP: 28/28 MP: 4/4
  1687 | D:2      | Noticed a gnoll sergeant
  1899 | D:2      | Slain by a gnoll sergeant

Illustrated notes

Levels and vault maps discovered:
D:1:      dpeg_arrival_renting, layout_loops_ring, basic_ecumenical_altar,
          nicolae_hexahallways, nicolae_figureground_sparkle
D:2:      layout_loops_ring, pf_guarded_unrand_woodcutter

Skill      XL: |  1  2  3  4 |
---------------+-------------+-----
Stealth        | 1 2 3 |  3.0
Fighting       | |  1.1
Dodging        | |  2.1
Unarmed Combat | |  3.5
Shapeshifting  | |  3.8

Action                     |  1- 3 |  4- 6 || total
---------------------------+-------+-------++-------
  Melee: Unarmed           |    74 |    15 ||    89
         Constrict         |    19 |     2 ||    21
         Tentacles         |    17 |     3 ||    20
         Punch             |     2 |       ||     2
   Stab: Sleeping          |    14 |     3 ||    17
 Armour: Skin              |    25 |     9 ||    34
  Dodge: Dodged            |    32 |     8 ||    40

Table legend: (Time is in decaauts)
 A = Elapsed time spent in this place.
 B = Non-inter-level travel time spent in this place.
 C = Inter-level travel time spent in this place.
 D = Time resting spent in this place.
 E = Time spent auto-exploring this place.
 F = Levels seen in this place.
 G = Mean time per level.
                   A        B        C        D        E       F      G
               +--------+--------+--------+--------+--------+-----+--------+
         Total |   1892 |   1817 |     75 |     45 |   1273 |   2 |  946.0 |
       Dungeon |   1892 |   1817 |     75 |     45 |   1273 |   2 |  946.0 |
               +--------+--------+--------+--------+--------+-----+--------+

Top non-repeatable levels by time:
     D:2: 947 daAuts
     D:1: 945 daAuts
